 Dungeon Crawl Stone Soup version 0.29.0-4-gdea44cf6ec (webtiles) character file.

Game seed: 14079824929144643682

67 qw the Chopper (level 4, -7/36 HPs)
             Began as a Barachi Chaos Knight on Sept 6, 2022.
             Mangled by a worm (11 damage)
             ... on level 1 of the Dungeon.
             The game lasted 00:00:51 (1877 turns).

qw the Chopper (Barachi Chaos Knight)               Turns: 1877, Time: 00:00:52

Health: -7/36      AC:  9    Str: 15    XL:     4   Next: 18%
Magic:  4/4        EV: 10    Int: 13    God:
Gold:   4          SH:  5    Dex: 11    Spells: 3/3 levels left

rFire   . . .      SeeInvis .   Y - +1 hand axe (chaos)
rCold   . . .      Faith    .   (no shield)
rNeg    . . .      Spirit   .   o - +0 ring mail
rPois   .          Reflect  +   (no helmet)
rElec   .          Harm     .   (no cloak)
rCorr   .          Rampage  .   (no gloves)
Will    .....                   (no boots)
Stlth   +.........              i - amulet of reflection
HPRegen 0.12/turn               l - +4 ring of protection
MPRegen 0.09/turn               (no ring)

@: weak-willed, slow
A: amphibious, slowness 1, strong legs 1, +LOS
a: Hop


You were on level 1 of the Dungeon.
You visited 1 branch of the dungeon, and saw 2 of its levels.

You collected 88 gold pieces.
You spent 84 gold pieces at shops.


Innate Abilities, Weirdness & Mutations

You are amphibious.
You cover ground slowly.
You can hop short distances.
You have an extended range of vision and can be seen from far away.


   Skills:
 - Level 3.6 Fighting
 + Level 5.4 Axes
 - Level 2.4 Armour
 - Level 1.1 Dodging


You had 3 spell levels left.
You didn't know any spells.
Your spell library was empty.

Inventory:

Hand Weapons
 g - a +0 whip
 Y - a +1 hand axe of chaos (weapon)
Armour
 o - a +0 ring mail (worn)
Jewellery
 i - an amulet of reflection (around neck)
 l - a +4 ring of protection (left hand)
Scrolls
 e - a scroll of identify
Potions
 a - a potion of might
 f - a potion of heal wounds
 h - a potion of haste {unknown}
 j - a potion of curing {unknown}
 n - a potion of mutation {unknown}
Miscellaneous
 c - a piece from Xom's chessboard (15/15)

Dungeon Overview and Level Annotations

Branches:
Dungeon (2/15)

Altars:

Shops:
D:2 ?


Message History

The worm bites you but does no damage.
You hit the worm but do no damage.
The worm is lightly wounded.
The worm bites you.
You barely miss the worm.
The worm is lightly wounded.
You barely miss the worm.
The worm is lightly wounded.
The worm barely misses you.
You barely miss the worm.
The worm is lightly wounded.
You hit the worm.
The worm is lightly wounded.
The worm barely misses you.
You hit the worm.
The worm flickers and vanishes!
Deactivating autopickup; reactivate with Ctrl-A.
Something bites you!
1867 ||| STAIRDANCE You climb upwards.
Reactivating autopickup.
There is a stone staircase leading down here.
Things that are here:
a scroll of noise; a potion of flight; a +2 leather armour You start resting.
Something bites you but does no damage.
Deactivating autopickup; reactivate with Ctrl-A.
You closely miss something. You hit something.
Something bites you but does no damage.
You hit something. You burn something. Your punch misses something.
Something bites you!
You hit something but do no damage. You barely miss something.
You block something's attack.
You barely miss something. Something bites you!
You closely miss something. You closely miss something. Something bites you!
You die...

...#######'#.........#.....#
#... ...# #.#......##.##....#
#... ...# #.#.....##...##...#
#### ...# #.......#..~..#...#
...# ##.####...~~~.)...# ...#
#.....###..~..#...#### ...#
###.##....##...##......# ...#
#...##.##..##.########.# .#.###
#.#....##@....# #.#
.....###.#..#################.#
##........).................?.#
#...###(##.#################.#
##### #....# ### #.#### ###


There were no monsters in sight!

Vanquished Creatures
  2 gnolls (D:2)
  2 worms (D:2)
  2 dart slugs (D:1)
  2 ball pythons (D:1)
  6 endoplasms
  5 goblins
  4 hobgoblins
  A kobold (D:1)
  A quokka (D:2)
  A bat (D:1)
  2 frilled lizards (D:1)
  8 rats
  A spectral hobgoblin (D:1)
37 creatures vanquished.

Notes
Turn   | Place    | Note
-------+----------+-------------------------------------------
     0 | D:1      | qw the Barachi Chaos Knight began the quest for the Orb.
     0 | D:1      | Reached XP level 1. HP: 18/18 MP: 1/1
     0 | D:1      | 0 ||| qw: Version: 0.1-a-107-g9ff403c
     0 | D:1      | 0 ||| qw: Game counter: 6170
     0 | D:1      | 0 ||| qw: Always use a shield: true
     0 | D:1      | 0 ||| qw: God list: Okawaru
     0 | D:1      | 0 ||| qw: Allow faded altars: false
     0 | D:1      | 0 ||| qw: Do Orc after D:15 true
     0 | D:1      | 0 ||| qw: Do second Lair branch before Depths: true
     0 | D:1      | 0 ||| qw: Lair rune preference: random
     0 | D:1      | 0 ||| qw: Plans: Normal
     0 | D:1      | 0 ||| PLANNING D:1-11
     0 | D:1      | Fell from the grace of Xom
    51 | D:1      | 51 ||| Stepping ~*~*~tactically~*~*~ (hiding).
   272 | D:1      | 272 ||| Stepping ~*~*~tactically~*~*~ (stealth).
   280 | D:1      | Reached XP level 2. HP: 24/24 MP: 2/2
   298 | D:1      | Reached skill level 4 in Axes
   489 | D:1      | 489 ||| Stepping ~*~*~tactically~*~*~ (hiding).
   596 | D:1      | 596 ||| Stepping ~*~*~tactically~*~*~ (hiding).
   597 | D:1      | 597 ||| Stepping ~*~*~tactically~*~*~ (hiding).
   639 | D:1      | Found a faded altar of an unknown god.
   694 | D:1      | XOM: noise
   903 | D:1      | Reached XP level 3. HP: 26/29 MP: 3/3
  1138 | D:1      | 1138 ||| UPGRADING to amulet of reflection.
  1143 | D:1      | 1143 ||| READING 3 scrolls labelled XOSOAF ULAZ.
  1144 | D:1      | 1144 ||| READING scroll labelled GYPINK BOWALYE.
  1145 | D:1      | 1145 ||| READING scroll labelled LIPHAN DEARE.
  1146 | D:1      | 1146 ||| DROPPING 2 scrolls of blinking.
  1256 | D:2      | XOM: torment (11/29 hp)
  1506 | D:2      | Found Mucsuiku's Magic Scroll Boutique.
  1595 | D:2      | 1595 ||| Stepping ~*~*~tactically~*~*~ (stealth).
  1622 | D:2      | 1622 ||| SHOPLISTING 3 scrolls of teleportation (126 gold,
                  | have 88).
  1622 | D:2      | 1622 ||| SHOPLISTING scroll of acquirement (728 gold, have
                  | 88).
  1622 | D:2      | 1622 ||| SHOPLISTING scroll of enchant armour (105 gold,
                  | have 88).
  1622 | D:2      | 1622 ||| BUYING scroll of identify (28 gold).
  1622 | D:2      | Bought a scroll of identify for 28 gold pieces
  1622 | D:2      | 1622 ||| BUYING scroll of identify (28 gold).
  1622 | D:2      | Bought a scroll of identify for 28 gold pieces
  1622 | D:2      | 1622 ||| BUYING scroll of identify (28 gold).
  1622 | D:2      | Bought a scroll of identify for 28 gold pieces
  1622 | D:2      | 1622 ||| SHOPLISTING scroll of identify (28 gold, have 4).
  1622 | D:2      | 1622 ||| SHOPLISTING scroll of teleportation (42 gold, have
                  | 4).
  1668 | D:2      | 1668 ||| Stepping ~*~*~tactically~*~*~ (stealth).
  1680 | D:2      | Reached skill level 5 in Axes
  1747 | D:2      | 1747 ||| Stepping ~*~*~tactically~*~*~ (hiding).
  1759 | D:2      | Reached XP level 4. HP: 26/36 MP: 4/4
  1761 | D:2      | 1761 ||| FLEEEEING.
  1762 | D:2      | 1762 ||| FLEEEEING.
  1763 | D:2      | 1763 ||| FLEEEEING.
  1764 | D:2      | 1764 ||| FLEEEEING.
  1769 | D:2      | 1769 ||| FLEEEEING.
  1771 | D:2      | 1771 ||| FLEEEEING.
  1772 | D:2      | 1772 ||| FLEEEEING.
  1773 | D:2      | 1773 ||| FLEEEEING.
  1774 | D:2      | 1774 ||| FLEEEEING.
  1775 | D:2      | 1775 ||| FLEEEEING.
  1780 | D:2      | 1780 ||| STAIRDANCE
  1835 | D:1      | 1835 ||| UPGRADING to +0 ring mail.
  1845 | D:1      | 1845 ||| DROPPING +2 leather armour.
  1846 | D:1      | 1846 ||| UPGRADING to +4 ring of protection.
  1847 | D:1      | 1847 ||| READING 2 scrolls labelled KICWO MUIPRO.
  1848 | D:1      | 1848 ||| READING scroll labelled MISUTU BOZ.
  1849 | D:1      | 1849 ||| READING 4 scrolls of identify.
  1849 | D:1      | 1849 ||| IDENTIFYING fuming clear potion
  1850 | D:1      | 1850 ||| READING 3 scrolls of identify.
  1850 | D:1      | 1850 ||| IDENTIFYING pink potion
  1851 | D:1      | 1851 ||| READING 2 scrolls of identify.
  1851 | D:1      | 1851 ||| IDENTIFYING blue potion
  1852 | D:1      | 1852 ||| DROPPING potion of flight.
  1853 | D:1      | 1853 ||| DROPPING scroll of noise.
  1867 | D:2      | 1867 ||| STAIRDANCE
  1875 | D:1      | HP: 4/36 [something (13)]
  1877 | D:1      | Mangled by a worm

Levels and vault maps discovered:
D:1:      psy_arrival_basics, layout_basic,
          dreamdust_ecumenical_altar_drowned_temple, amcnicky_mini_pool_small
D:2:      layout_loops_ring, serial_shops, shop_scrolls, nicolae_square_shop,
          minmay_bisected

Skill      XL: |  1  2  3 |
---------------+----------+-----
Axes           | 4 5 |  5.4
Fighting       | |  3.6
Armour         | |  2.4
Dodging        | |  1.1

Action                   |  1- 3 |  4- 6 || total
-------------------------+-------+-------++-------
Melee: Hand axe          |    95 |    11 ||   106
Invok: Renounce Religion |     1 |       ||     1
  Use: Scroll            |     3 |     5 ||     8
Armor: Leather armour    |    19 |       ||    19
       Ring mail         |       |     3 ||     3
Dodge: Dodged            |    41 |     2 ||    43
Block: Other             |     3 |     1 ||     4

Table legend:
 A = Non-vault XP
 B = Vault XP
 C = Vault XP percentage of total XP
 D = Non-vault monster count
 E = Vault monster count
 F = Vault count percentage of total count
                 A         B        C        D         E       F
            +---------+---------+-------+---------+---------+-------
      Total |      86 |      11 |  11.3 |      33 |       5 |  13.2
            +---------+---------+-------+---------+---------+-------
        D:1 |      38 |       1 |   2.6 |      21 |       1 |   4.5
        D:2 |      48 |      10 |  17.2 |      12 |       4 |  25.0
            +---------+---------+-------+---------+---------+-------
